 Dungeon Crawl Stone Soup version 0.30-a0-840-ga523dec638 (webtiles) character file.

Game seed: 14992863300332559626

4400 Pimp the Protected (level 10, 0/98 HPs)
             Began as an Armataur Fighter on Mar 1, 2023.
             Was an Elder of Okawaru.
             Succumbed to a killer bee's poison
             ... on level 8 of the Dungeon.
             The game lasted 00:15:11 (7812 turns).

Pimp the Protected (Armataur Fighter)               Turns: 7812, Time: 00:15:11

Health: 0/98       AC: 22    Str: 26    XL:     10   Next: 13%
Magic:  10/10      EV:  3    Int:  9    God:    Okawaru [****..]
Gold:   313        SH:  5    Dex:  9    Spells: 9/9 levels left

rFire   . . .      SeeInvis .    a - +2 war axe
rCold   x x .      Faith    .    c - +0 buckler
rNeg    . . .      Spirit   .    g - +1 crystal plate armour
rPois   .          Reflect  .    (helmet restricted)
rElec   .          Harm     .    l - +2 cloak
rCorr   .          Roll     +    (no gloves)
Will    .....                    (no barding) Stlth
                                 (no amulet)
HPRegen 0.36/turn                (no ring)
MPRegen 0.12/turn                (no ring)

@: lethally poisoned (0 -> -2)
A: large, rugged brown scales 3, deformed body, armoured tail, roll, long
tongue, awkward tongue, antennae 1, robust 1, wild magic 1, evolution 1, cold
vulnerability 2
a: Renounce Religion, Heroism, Finesse


You were on level 8 of the Dungeon.
You worshipped Okawaru.
Okawaru was greatly pleased with you.
You visited 2 branches of the dungeon, and saw 9 of its levels.

You collected 313 gold pieces.

Inventory:

Hand Weapons
 a - a +2 war axe (weapon)
Missiles
 y - 2 poisoned darts (quivered)
 z - 2 curare-tipped darts
 A - 3 boomerangs
Armour
 b - a +0 scale mail
 c - a +0 buckler (worn)
 f - a +0 helmet
 g - a +1 crystal plate armour (worn)
 l - a +2 cloak (worn)
 p - a +0 helmet of intelligence
Jewellery
 t - a ring of magical power
 v - a ring of resist corrosion
 x - an amulet of magic regeneration
Wands
 r - a wand of mindburst (5)
 w - a wand of iceblast (4)
Scrolls
 i - 3 scrolls of poison
 n - a scroll of magic mapping
 o - 2 scrolls of identify
Potions
 d - a potion of might
 h - 2 potions of brilliance
 q - 2 potions of attraction
 s - 3 potions of lignification
 u - a potion of flight


   Skills:
 + Level 6.6 Fighting
 + Level 5.7 Axes
 * Level 11.7 Armour
 + Level 8.0 Shields


You had 9 spell levels left.
You didn't know any spells.
Your spell library contained the following spells:

 Spells                   Type           Power      Damage    Failure   Level
 Beastly Appendage        Tmut           0%         N/A       100%        1
 Shock                    Conj/Air       0%         1d3       100%        1
 Wereblood                Tmut           0%         N/A       100%        2
 Spider Form              Tmut/Pois      0%         N/A       100%        3
 Swiftness                Air            0%         N/A       100%        3
 Airstrike                Air            0%         2d(0-16)  100%        4
 Blade Hands              Tmut           0%         N/A       100%        5
 Iron Shot                Conj/Erth      0%         9d1       100%        6
 Animate Armour           Summ/Erth      Unusable   N/A       N/A         4

Dungeon Overview and Level Annotations

Branches:
Dungeon (8/15)             Temple (1/1) D:4
   Lair: D:8-11

Altars:
Cheibriados
Fedhas
Kikubaaqudgha
Nemelex Xobeh
Okawaru
Ru
Sif Muna
Trog
Vehumet
Xom
Yredelemnul
Zin
The Shining One

Shops:
D:1 *   D:2 !   D:3 *!


Innate Abilities, Weirdness & Mutations

You are completely covered in rugged brown scales. (AC +3, +7% HP)
Armour fits poorly on your strangely shaped body.
You have a long armoured tail.
You roll when moving toward enemies. (Rampage)
Your long tongue fully drains potion bottles. (2x potion effects)
Your tongue gives you trouble enunciating. (1.5x scroll delay)
You have a pair of small antennae on your head.
You are robust. (+10% HP)
Your spells are a little harder to cast, but a little more powerful.
You have hidden genetic potential.
You are very vulnerable to cold. (rC--)


Message History

Press: ? - help, Q - select action, (/) - cycle Shift-Dir - straight line, f/p - killer bee
Aim: a killer bee (heavily wounded, 26% to hit)
You throw a poisoned dart.
The poisoned dart barely misses the killer bee.
You feel sick.
The killer bee stings you but does no damage.
The killer bee stings you.
* * * LOW HITPOINT WARNING * * *
You are more poisoned.
The killer bee poisons you!
Throw: 3 darts (poison)
Press: ? - help, Q - select action, (/) - cycle Shift-Dir - straight line, f/p - killer bee
Aim: a killer bee (heavily wounded, 26% to hit)
You throw a poisoned dart.
The poisoned dart barely misses the killer bee.
* * * LOW HITPOINT WARNING * * *
You feel sick.
The killer bee stings you but does no damage.
You block the killer bee's attack.
You closely miss the killer bee.
Your tail-slap misses the killer bee.
The killer bee is heavily wounded.
* * * LOW HITPOINT WARNING * * *
You feel sick.
The killer bee stings you but does no damage.
The killer bee barely misses you.
You barely miss the killer bee.
The killer bee is heavily wounded.
You feel sick.
The killer bee stings you but does no damage.
The killer bee barely misses you.
You miss the killer bee.
The killer bee is heavily wounded.
You feel sick.
The killer bee stings you but does no damage. x2
The killer bee stings you.
* * * LOW HITPOINT WARNING * * *
You slash the killer bee!
You kill the killer bee!
Okawaru accepts your kill.
You die...

......
###.....###
#.....(...#
#.........#
#.........#
#..(......#
#.........#
#.........#
#.........#
#.....@...#
#.........#
#.........#
#.........#
#.........#
###########


There were no monsters in sight!

Vanquished Creatures
  Maggie (D:6)
  7 yaks (D:8)
  Duvessa (D:4)
  4 ice beasts
  2 orc warriors
  3 ogres
  2 black bears (D:7)
  2 phantoms (D:4)
  A kobold brigand (D:7)
  3 bullfrogs (D:7)
  A gnoll sergeant (D:4)
  2 necrophages
  5 scorpions
  Dowan (D:4)
  9 killer bees
  2 howler monkeys (D:6)
  2 orc priests
  2 jellies
  4 hounds
  Crazy Yiuf (D:4)
  Ijyb (D:5)
  2 iguanas
  3 orc wizards
  11 gnolls
  4 adders
  A shadow imp (D:6)
  3 white imps
  2 worms
  3 dart slugs
  22 orcs
  6 ball pythons
  8 bats
  8 endoplasms
  7 giant cockroaches
  5 goblins
  6 hobgoblins
  12 kobolds
  4 quokkas
  4 frilled lizards
  5 rats
172 creatures vanquished.

Notes
Turn   | Place    | Note
-------+----------+-------------------------------------------
     0 | D:1      | Pimp the Armataur Fighter began the quest for the Orb.
     0 | D:1      | Reached XP level 1. HP: 19/19 MP: 1/1
   454 | D:1      | Reached XP level 2. HP: 21/26 MP: 2/2
   578 | D:1      | Found Miaxionk's Assorted Antiques.
   658 | D:2      | Found a faded altar of an unknown god.
   666 | D:2      | Reached skill level 4 in Armour
   670 | D:2      | Found Kihyvop's Distillery.
   735 | D:2      | Reached XP level 3. HP: 30/32 MP: 3/3
  1138 | D:2      | Reached XP level 4. HP: 37/40 MP: 4/4
  1692 | D:3      | Found Warphyli's Distillery.
  1698 | D:3      | Reached skill level 5 in Armour
  2087 | D:3      | Found Unori's General Store.
  2098 | D:3      | Reached XP level 5. HP: 37/48 MP: 5/5
  2467 | D:4      | Noticed a phantom
  2484 | D:4      | Killed a phantom
  2518 | D:4      | Found a staircase to the Ecumenical Temple.
  2544 | Temple   | Entered the Ecumenical Temple
  2555 | Temple   | Became a worshipper of Warmaster Okawaru
  2574 | D:4      | Noticed Duvessa
  2574 | D:4      | Noticed Dowan
  2583 | D:4      | Killed Duvessa
  2584 | D:4      | Reached skill level 6 in Armour
  2584 | D:4      | Reached XP level 6. HP: 11/55 MP: 6/6
  2584 | D:4      | Gained mutation: Your magical capacity is low. (-10% MP)
                  | [potion of mutation]
  2584 | D:4      | Gained mutation: You are occasionally teleported next to
                  | monsters. [potion of mutation]
  2584 | D:4      | Gained mutation: Your tail ends in a venomous barb. [potion
                  | of mutation]
  2584 | D:4      | Gained mutation: You have sharp toenails. [potion of
                  | mutation]
  2591 | D:4      | Killed Dowan
  2865 | D:4      | Reached * piety under Okawaru
  3046 | D:4      | Reached skill level 5 in Shields
  3046 | D:4      | Reached XP level 7. HP: 58/63 MP: 6/6
  3296 | D:4      | Reached skill level 7 in Armour
  3580 | D:4      | Found a runed translucent door.
  3581 | D:4      | Noticed Crazy Yiuf
  3676 | D:4      | Killed Crazy Yiuf
  3782 | D:5      | Entered Level 5 of the Dungeon
  3829 | D:5      | Reached ** piety under Okawaru
  3936 | D:5      | Reached XP level 8. HP: 71/71 MP: 7/7
  3974 | D:5      | Reached skill level 8 in Armour
  4118 | D:5      | Noticed Ijyb
  4130 | D:5      | Killed Ijyb
  4439 | D:5      | Found a shimmering altar of Xom.
  4440 | D:5      | Found a shimmering altar of Xom.
  4440 | D:5      | Found a shimmering altar of Xom.
  4441 | D:5      | Found a shimmering altar of Xom.
  4442 | D:5      | Found a shimmering altar of Xom.
  4442 | D:5      | Found a shimmering altar of Xom.
  4444 | D:5      | Found a shimmering altar of Xom.
  4444 | D:5      | Found a shimmering altar of Xom.
  4464 | D:5      | Reached skill level 5 in Fighting
  4760 | D:6      | Reached skill level 9 in Armour
  4830 | D:6      | Reached *** piety under Okawaru
  4838 | D:6      | Lost mutation: You are occasionally teleported next to
                  | monsters. [potion of mutation]
  4838 | D:6      | Lost mutation: Your tail ends in a venomous barb. [potion
                  | of mutation]
  4838 | D:6      | Lost mutation: Your magical capacity is low. (-10% MP)
                  | [potion of mutation]
  4838 | D:6      | Lost mutation: You have sharp toenails. [potion of
                  | mutation]
  4838 | D:6      | Gained mutation: Your spells are a little harder to cast,
                  | but a little more powerful. [potion of mutation]
  4838 | D:6      | Gained mutation: You have sharp toenails. [potion of
                  | mutation]
  4838 | D:6      | Gained mutation: You occasionally shout uncontrollably at
                  | your foes. [potion of mutation]
  4838 | D:6      | Gained mutation: You are clumsy. (Dex -2) [potion of
                  | mutation]
  4838 | D:6      | Gained mutation: Your system is resistant to poisons.
                  | (rPois) [potion of mutation]
  4839 | D:6      | Lost mutation: Your spells are a little harder to cast, but
                  | a little more powerful. [potion of mutation]
  4839 | D:6      | Lost mutation: Your system is resistant to poisons. (rPois)
                  | [potion of mutation]
  4839 | D:6      | Lost mutation: You are clumsy. (Dex -2) [potion of
                  | mutation]
  4839 | D:6      | Lost mutation: You occasionally shout uncontrollably at
                  | your foes. [potion of mutation]
  4839 | D:6      | Lost mutation: You have sharp toenails. [potion of
                  | mutation]
  4839 | D:6      | Gained mutation: You are vulnerable to cold. (rC-) [potion
                  | of mutation]
  4839 | D:6      | Gained mutation: Your mind is acute. (Int +4, Str/Dex -1)
                  | [potion of mutation]
  4839 | D:6      | Lost mutation: Your mind is acute. (Int +4, Str/Dex -1)
                  | [potion of mutation]
  4839 | D:6      | Gained mutation: You have a pair of small antennae on your
                  | head. [potion of mutation]
  4839 | D:6      | Gained mutation: You are very vulnerable to cold. (rC--)
                  | [potion of mutation]
  4839 | D:6      | Gained mutation: You have hidden genetic potential. [potion
                  | of mutation]
  4839 | D:6      | Gained mutation: You are robust. (+10% HP) [potion of
                  | mutation]
  5359 | D:6      | Reached XP level 9. HP: 65/86 MP: 9/9
  5741 | D:6      | Noticed Maggie
  5754 | D:6      | Killed Maggie
  5755 | D:6      | Reached skill level 10 in Armour
  6270 | D:7      | Reached skill level 5 in Axes
  6276 | D:7      | Gained mutation: Your spells are a little harder to cast,
                  | but a little more powerful. [hidden potential]
  6286 | D:7      | Reached **** piety under Okawaru
  6623 | D:7      | Found a snail-covered altar of Cheibriados.
  6787 | D:7      | Found a sparkling altar of Nemelex Xobeh.
  6796 | D:7      | Found a basalt altar of Yredelemnul.
  6798 | D:7      | Found a shimmering blue altar of Sif Muna.
  6799 | D:7      | Found a blossoming altar of Fedhas.
  6811 | D:7      | Found a glowing silver altar of Zin.
  7234 | D:8      | Reached skill level 11 in Armour
  7262 | D:8      | Reached XP level 10. HP: 34/98 MP: 10/10
  7810 | D:8      | HP: 4/98 [poisoned by a killer bee]
  7812 | D:8      | Succumbed to a killer bee's poison

Illustrated notes

Levels and vault maps discovered:
D:1:      dpeg_arrival_brainrot, layout_basic, serial_shops,
          nicolae_square_shop, serial_bayou_pond_a
D:2:      minmay_chambers_of_twos, layout_basic, nicolae_ecumenical_pavilion,
          serial_shops, nicolae_shop_crystal
D:3:      layout_loops_corners, serial_shops, shop_statue, shop
D:4:      layout_loops_ring, minmay_temple_entry_sparse_star,
          uniq_crazy_yiuf_cottage, uniq_duvessa
D:5:      layout_basic, xom_redecorated, uniq_ijyb
D:6:      layout_layer_cave, uniq_maggie
D:7:      layout_rooms, nicolae_overflow_hallway_of_the_gods,
          cheibriados_altar_1, kennysheep_nub, dreamdust_princess_corridor
D:8:      layout_basic, enter_bailey_4
Temple:   eino_wide_crystal_templ

Skill      XL: |  1  2  3  4  5  6  7  8  9 10 |
---------------+-------------------------------+-----
Armour         | 4 5 6 7 9 11 | 11.7
Fighting       | 3 4 5 6 |  6.6
Axes           | 2 3 4 5 |  5.7
Shields        | 4 5 6 7 8 |  8.0

Action                     |  1- 3 |  4- 6 |  7- 9 | 10-12 || total
---------------------------+-------+-------+-------+-------++-------
  Melee: War axe           |   107 |   118 |   360 |    46 ||   631
         Tailslap          |     8 |    10 |    35 |     3 ||    56
         Kick              |       |     9 |    37 |       ||    46
  Throw: Dart              |       |       |       |     5 ||     5
         Throwing net      |       |       |       |     1 ||     1
    Use: Scroll            |     4 |     5 |     8 |     2 ||    19
         Potion            |       |     4 |    11 |     2 ||    17
 Armour: Scale mail        |     7 |       |       |       ||     7
         Crystal plate arm |   108 |   127 |   368 |    72 ||   675
  Dodge: Dodged            |    14 |     6 |    69 |    15 ||   104
  Block: Buckler           |    24 |    30 |   103 |    20 ||   177

Table legend: (Time is in decaauts)
 A = Elapsed time spent in this place.
 B = Non-inter-level travel time spent in this place.
 C = Inter-level travel time spent in this place.
 D = Time resting spent in this place.
 E = Time spent auto-exploring this place.
 F = Levels seen in this place.
 G = Mean time per level.
                   A        B        C        D        E       F      G
               +--------+--------+--------+--------+--------+-----+--------+
         Total |   8044 |   7790 |    254 |   1741 |   4466 |   9 |  893.8 |
       Dungeon |   8024 |   7778 |    246 |   1741 |   4462 |   8 | 1003.0 |
        Temple |     20 |     12 |      8 |      0 |      4 |   1 |   20.0 |
               +--------+--------+--------+--------+--------+-----+--------+

Top non-repeatable levels by time:
     D:6: 1400 daAuts
     D:4: 1343 daAuts
     D:7: 1084 daAuts
     D:3: 1076 daAuts
     D:5: 1005 daAuts
     D:2: 787 daAuts
     D:1: 667 daAuts
     D:8: 659 daAuts
  Temple: 20 daAuts
